 Dungeon Sprint DCSS version 0.21-a0-351-g38363bb (webtiles) character file.

6894 Kidiri the Fighter (level 10, -20/104 HPs)
             Began as a White Draconian Gladiator on Oct 9, 2017.
             Was a High Priest of Trog.
             Demolished by an emperor scorpion (24 damage)
             ... in the Dungeon (Sprint VII: "The Pits").
             The game lasted 00:11:37 (2546 turns).

Kidiri the Fighter (White Draconian Gladiator)      Turns: 2546, Time: 00:11:37

Health: -20/104    AC: 11    Str: 18 (19) XL:     10   Next: 79%
Magic:  3/3        EV: 22    Int:  9      God:    Trog [*****.]
Gold:   0          SH:  0    Dex: 18      Spells: 9/9 levels left

rFire    . . .     SeeInvis .   a - +2 great mace (antimagic)
rCold    + + .     Gourm    .   (shield currently unavailable)
rNeg     . . .     Faith    .   (armour unavailable)
rPois    .         Spirit   .   b - +0 hat
rElec    .         Reflect  .   v - +0 cloak
rCorr    .         Harm     .   (no gloves)
MR       .....     NoTele   +   (no boots)
Stlth    ++........             (no amulet)
HPRegen  0.27/turn              r - +3 ring of dexterity
MPRegen  0.08/turn              s - +3 ring of protection

@: lethally poisoned (-20 -> -64), berserk cooldown, slowed, very slow
A: breathe frost, unfitting armour, agile 1, cold resistance 2, deterioration 1,
sense surroundings 1, cold-blooded, AC +7
a: Breathe Frost, Berserk, Trog's Hand, Brothers in Arms, Burn Spellbooks,
Renounce Religion


You were in the Dungeon.
You worshipped Trog.
Trog was extremely pleased with you.
You were not hungry.

You visited 1 branch

Inventory:

Hand Weapons
 a - a +2 antimagic great mace (weapon)
Missiles
 n - 2 stones (quivered)
 w - 8 needles of confusion
 y - 7 silver tomahawks
 z - 2 exploding tomahawks
Armour
 b - a +0 hat (worn)
 v - a +0 cloak (worn)
Jewellery
 r - a +3 ring of dexterity (left hand)
 s - a +3 ring of protection (right hand)
Scrolls
 j - a scroll of blinking
 m - 3 scrolls of remove curse
 o - a scroll of summoning
Potions
 e - 7 potions of curing
 f - 6 potions of heal wounds
 g - a potion of haste
 h - 4 potions of magic
 i - 5 potions of berserk rage
 k - a potion of degeneration {unknown}
 l - 2 potions of invisibility
 t - a potion of might
 u - a potion of resistance
Comestibles
 d - 8 bread rations
 p - 27 fruits
 q - 7 meat rations
 x - 4 chunks of flesh


   Skills:
 * Level 14.9 Fighting
 * Level 13.9 Maces & Flails
 + Level 9.6 Throwing
 * Level 12.9 Dodging


You had 9 spell levels left.
You didn't know any spells.

Dungeon Overview and Level Annotations

Branches:
Dungeon (1/1)

Altars:
Ashenzari
Cheibriados
Dithmenos
Elyvilon
Fedhas
Gozag
Hepliaklqana
Kikubaaqudgha
Makhleb
Nemelex Xobeh
Okawaru
Qazlal
Ru
Sif Muna
Trog
Uskayaw
Vehumet
Wu Jian
Xom
Yredelemnul
Zin
The Shining One
Beogh
Jiyva
Lugonu

Annotations:
D exclusion: 4 doors


Innate Abilities, Weirdness & Mutations

You can breathe waves of freezing cold.
You can buffet flying creatures when you breathe cold.
Your icy white scales are hard. (AC +7)
You cannot fit into any form of body armour.
Your flesh is very cold resistant. (rC++)
You are cold-blooded and may be slowed by cold attacks.
You are agile. (Dex +2)
Your body sometimes deteriorates upon taking damage.
You passively map a small area around you.


Message History

You are more poisoned.
The emperor scorpion poisons you! The emperor scorpion claws you.
* * * LOW HITPOINT WARNING * * *
The emperor scorpion completely misses you.
Unknown command.
You feel much better.
* * * LOW HITPOINT WARNING * * *
You feel extremely sick. The emperor scorpion stings you!
* * * LOW HITPOINT WARNING * * *
Your body deteriorates!
You feel weakened.
The emperor scorpion claws you but does no damage.
The emperor scorpion barely misses you.
You hit the emperor scorpion but do no damage.
Your tail-slap misses the emperor scorpion.
The emperor scorpion is severely wounded.
* * * LOW HITPOINT WARNING * * *
You feel very sick. The emperor scorpion stings you!!
You die...

+###### * * * *
+############ ######
.....'..'...###, .....
* , .....'..')....##
.s..* ....##..##.....##
...#*
..###....###....#,...#,
.##........###.###..#
*,
+#..)#..#...#....#).#
.....).)....+...@sr.+ ,
+#...#..#...#....#..# ,
.##...)....###.###..# ,
..###....###....# ...#
, ....##..##.....##
...# * .....+..+.....##
....**, ##...+..+...###
..... ############
###### **


You could see an emperor scorpion and a hell rat.

Vanquished Creatures
  Agnes (D)
  Erica (D)
  An unseen horror (D)
  A phantasmal warrior (D)
  2 deep elf magi (D)
  A rime drake (D)
  An efreet (D)
  A troll (D)
  A jumping spider (D)
  A redback (D)
  3 yaks (D)
  A steam dragon (D)
  A warg (D)
  A floating eye (D)
  2 water moccasins (D)
  A black bear (D)
  An ogre (D)
  A scorpion (D)
  A jelly (D)
  A gnoll shaman (D)
  A worker ant (D)
  5 gnolls (D)
  A white imp (D)
  An ooze (D)
  A bat zombie (D)
  A hobgoblin (D)
  7 jackals (D)
  A ball python (D)
  A bat (D)
  A frilled lizard (D)
  A goblin (D)
  A quokka skeleton (D)
  A rat (D)
47 creatures vanquished.

Vanquished Creatures (collateral kills)
  A manticore (D)
  2 elephants (D)
  A molten gargoyle (D)
  A polar bear (D)
  A bog body (D)
  A basilisk (D)
  A swamp drake (D)
  A small abomination (D)
  A big kobold (D)
  A gnoll sergeant (D)
  A worker ant (D)
  5 gnolls (D)
  An ufetubus (D)
18 creatures vanquished.

Grand Total: 65 creatures vanquished

Notes
Turn   | Place    | Note
-------+----------+-------------------------------------------
     0 | D        | Kidiri the Draconian Gladiator began the quest for the Orb.
     0 | D        | Reached XP level 1. HP: 17/17 MP: 1/1
    58 | D        | Found a bloodstained altar of Trog.
    58 | D        | Found a deep blue altar of Sif Muna.
    58 | D        | Found a viscous altar of Jiyva.
    58 | D        | Found a hazy altar of Hepliaklqana.
    58 | D        | Found an opulent altar of Gozag.
    59 | D        | Found a glowing golden altar of the Shining One.
    59 | D        | Found a glowing silver altar of Zin.
    59 | D        | Found a basalt altar of Yredelemnul.
    59 | D        | Found a shimmering altar of Xom.
    59 | D        | Found an ornate altar of the Wu Jian Council.
    59 | D        | Found a sacrificial altar of Ru.
    59 | D        | Found a stormy altar of Qazlal.
    59 | D        | Found an iron altar of Okawaru.
    59 | D        | Found a sparkling altar of Nemelex Xobeh.
    59 | D        | Found a burning altar of Makhleb.
    59 | D        | Found a blossoming altar of Fedhas.
    59 | D        | Found a white marble altar of Elyvilon.
    59 | D        | Found a shadowy altar of Dithmenos.
    59 | D        | Found a snail-covered altar of Cheibriados.
    61 | D        | Found a radiant altar of Vehumet.
    61 | D        | Found a corrupted altar of Lugonu.
    61 | D        | Found a roughly hewn altar of Beogh.
    63 | D        | Became a worshipper of Trog the Wrathful
    64 | D        | Found an ancient bone altar of Kikubaaqudgha.
    64 | D        | Found a hide-covered altar of Uskayaw.
    64 | D        | Found a shattered altar of Ashenzari.
    77 | D        | Noticed a floating eye
    85 | D        | Paralysed by a floating eye for 2 turns
    87 | D        | Killed a floating eye
    87 | D        | Reached skill level 5 in Fighting
    87 | D        | Reached skill level 5 in Maces & Flails
    87 | D        | Reached skill level 5 in Dodging
    87 | D        | Reached XP level 2. HP: 30/30 MP: 2/2
    87 | D        | Reached XP level 3. HP: 37/37 MP: 3/3
    87 | D        | Reached XP level 4. HP: 44/44 MP: 4/4
    98 | D        | Reached * piety under Trog
   122 | D        | Reached ** piety under Trog
   122 | D        | Reached skill level 6 in Fighting
   141 | D        | Reached *** piety under Trog
   141 | D        | Reached XP level 5. HP: 51/51 MP: 5/5
   152 | D        | Reached **** piety under Trog
   164 | D        | Reached skill level 7 in Fighting
   280 | D        | Noticed a black bear
   285 | D        | Reached ***** piety under Trog
   286 | D        | Noticed a water moccasin
   292 | D        | Killed a black bear
   292 | D        | Reached skill level 8 in Fighting
   292 | D        | Reached XP level 6. HP: 61/61 MP: 6/6
   299 | D        | Killed a water moccasin
   299 | D        | Reached skill level 5 in Throwing
   310 | D        | Noticed a water moccasin
   321 | D        | Killed a water moccasin
   321 | D        | Reached skill level 9 in Fighting
   321 | D        | Your scales start taking on an icy white colour.
   321 | D        | Reached XP level 7. HP: 41/70 MP: 7/7
   321 | D        | Gained mutation: Your flesh is cold resistant. (rC+) [White Draconian growth]
   657 | D        | Received a gift from Trog
   814 | D        | Noticed an efreet
   820 | D        | Killed an efreet
   820 | D        | Reached skill level 10 in Fighting
   868 | D        | Noticed a deep elf mage
   874 | D        | Reached XP level 8. HP: 80/80 MP: 2/8
   880 | D        | Noticed a demonic crawler
   880 | D        | Noticed a jumping spider
   886 | D        | Killed a deep elf mage
   886 | D        | Received a gift from Trog
   886 | D        | Reached skill level 11 in Fighting
   886 | D        | Reached skill level 10 in Maces & Flails
  1181 | D        | Gained mutation: You are agile. (Dex +2) [potion of mutation]
  1181 | D        | Gained mutation: Your body sometimes deteriorates upon taking damage. [potion of mutation]
  1181 | D        | Gained mutation: Your flesh is very cold resistant. (rC++) [potion of mutation]
  1181 | D        | Gained mutation: You passively map a small area around you. [potion of mutation]
  1333 | D        | Noticed a jumping spider
  1360 | D        | Killed an unseen horror
  1360 | D        | Reached skill level 12 in Fighting
  1360 | D        | Reached skill level 10 in Dodging
  1360 | D        | Reached XP level 9. HP: 29/90 MP: 3/9
  1623 | D        | Killed a jumping spider
  1637 | D        | Noticed an elephant
  1638 | D        | Noticed a manticore
  1639 | D        | Noticed a phantasmal warrior
  1646 | D        | Killed a manticore
  1648 | D        | Killed a phantasmal warrior
  1649 | D        | Received a gift from Trog
  1649 | D        | Killed an elephant
  1806 | D        | Noticed a rime drake
  1811 | D        | Killed a rime drake
  1811 | D        | Received a gift from Trog
  1811 | D        | Reached skill level 13 in Fighting
  1857 | D        | Noticed a troll
  1871 | D        | Killed a troll
  1871 | D        | Reached ****** piety under Trog
  2129 | D        | Noticed Erica
  2129 | D        | Noticed a polar bear
  2137 | D        | Killed Erica
  2137 | D        | Reached XP level 10. HP: 102/102 MP: 3/10
  2145 | D        | Received a gift from Trog
  2154 | D        | Received a gift from Trog
  2161 | D        | Noticed a deep elf mage
  2171 | D        | Killed a deep elf mage
  2171 | D        | Received a gift from Trog
  2171 | D        | Reached skill level 14 in Fighting
  2180 | D        | Received a gift from Trog
  2517 | D        | Noticed a molten gargoyle
  2517 | D        | Noticed an emperor scorpion
  2517 | D        | Noticed an elephant
  2517 | D        | Noticed Agnes
  2528 | D        | Killed Agnes
  2530 | D        | Killed an elephant
  2533 | D        | Killed a molten gargoyle
  2544 | D        | HP: 5/104 [emperor scorpion (5)]
  2546 | D        | Demolished by an emperor scorpion

Vault maps used:
D:        pitsprint

Skill      XL: |  1  2  3  4  5  6  7  8  9 10 |
---------------+-------------------------------+-----
Fighting       | 5 6 8 9 10 12 13 14 | 14.9
Maces & Flails | 5 6 7 8 9 11 12 13 | 13.9
Throwing       | 3 4 5 6 7 8 9 |  9.6
Dodging        | 5 7 9 10 11 12 | 12.9

Action                   |  1- 3 |  4- 6 |  7- 9 | 10-12 || total
-------------------------+-------+-------+-------+-------++-------
Melee: Mace              |     6 |    67 |     4 |       ||    77
       Flail             |     3 |       |       |       ||     3
       Tailslap          |     1 |     6 |    17 |     6 ||    30
       Eveningstar       |       |       |    49 |       ||    49
       Great mace        |       |       |    13 |    32 ||    45
Throw: Throwing net      |       |       |     2 |     1 ||     3
Invok: Berserk           |       |     1 |     6 |     1 ||     8
       Brothers in Arms  |       |       |     3 |     2 ||     5
 Abil: Breathe Frost     |       |       |     8 |     1 ||     9
  Use: Potion            |       |       |     3 |     2 ||     5
 Stab: Held in net/web   |       |       |     1 |       ||     1
       Sleeping          |       |       |       |     1 ||     1
  Eat: Chunk             |       |       |     5 |       ||     5
       Fruit             |       |       |    13 |       ||    13
Armor: Skin              |     3 |     7 |    25 |     5 ||    40
Dodge: Dodged            |     2 |    65 |    86 |    49 ||   202

Table legend:
 A = Spawn XP
 B = Non-spawn XP
 C = Spawn XP percentage of total XP
 D = Spawn monster count
 E = Non-spawn monster count
 F = Spawn count percentage of total count
 G = Total turns spent on level
                    A         B        C        D         E        F      G
               +---------+---------+-------+---------+---------+-------+---------
         Total |       0 |    9849 |   0.0 |       0 |      65 |   0.0 |  2546
               +---------+---------+-------+---------+---------+-------+---------
             D |       0 |    9849 |   0.0 |       0 |      65 |   0.0 |  2546
               +---------+---------+-------+---------+---------+-------+---------
